 Dungeon Crawl Stone Soup version 0.30-a0-459-g9104f0fc43 (webtiles) character file.

Game seed: 11532746461215896940

28 cforsyth the Shield-Bearer (level 2, 0/29 HPs)
             Began as a Troll Fighter on Dec 16, 2022.
             Succumbed to a goblin's poison
             ... on level 1 of the Dungeon.
             The game lasted 00:01:39 (278 turns).

cforsyth the Shield-Bearer (Troll Fighter)           Turns: 278, Time: 00:01:39

Health: 0/29       AC:  4    Str: 23    XL:     2   Next: 96%
Magic:  1/1        EV:  8    Int:  4    God:
Gold:   81         SH:  7    Dex:  9    Spells: 1/1 levels left

rFire   . . .      SeeInvis .      - Unarmed
rCold   . . .      Faith    .    b - +0 kite shield
rNeg    . . .      Spirit   .    a - +0 robe
rPois   .          Reflect  .    (helmet restricted)
rElec   .          Harm     .    (no cloak)
rCorr   .          Rampage  .    (gloves unavailable)
Will    .....                    (boots unavailable)
Stlth   +.........               (no amulet)
HPRegen 1.04/turn                (no ring)
MPRegen 0.07/turn                (no ring)

@: lethally poisoned (0 -> -8)
A: large, unfitting armour, claws 3, regeneration 1, shaggy fur 1, tough skin 1
a: no special abilities


You were on level 1 of the Dungeon.
You visited 1 branch of the dungeon, and saw 1 of its levels.

You collected 81 gold pieces.

Inventory:

Armour
 a - a +0 robe (worn)
 b - a +0 kite shield (worn)
Scrolls
 d - a scroll of noise {unknown}
 e - a scroll of brand weapon {unknown}
 g - a scroll of identify {unknown}
Potions
 c - a potion of might
 f - 2 potions of curing {unknown}


   Skills:
 + Level 2.7 Fighting
 - Level 2.4 Dodging
 + Level 3.0 Shields
 * Level 2.8 Unarmed Combat


You had one spell level left.
You didn't know any spells.
Your spell library was empty.

Dungeon Overview and Level Annotations

Branches:
Dungeon (1/15)

Altars:


Innate Abilities, Weirdness & Mutations

You are too large for most types of armour.
You have claws for hands.
Your natural rate of healing is unusually fast.
You are covered in fur. (AC +1)
You have tough skin. (AC +1)


Message History

You are frozen.
You are too injured to fight recklessly!
You scratch the endoplasm.
You kill the endoplasm!
The kobold completely misses you. You block the goblin's attack.
Your Shields skill increases to level 3!
You are too injured to fight recklessly!
You scratch the endoplasm.
The endoplasm is heavily wounded.
The kobold closely misses you. You block the endoplasm's attack.
The goblin hits you with a +1 dagger of venom.
You are poisoned.
You claw the endoplasm!
You kill the endoplasm!
You feel very sick. The kobold hits you but does no damage.
The goblin hits you with a +1 dagger of venom.
You are more poisoned.
You block the goblin's attack. The kobold closely misses you.
You are too injured to fight recklessly!
You miss the goblin.
You feel very sick. The goblin misses you. The kobold hits you with a +0 club.
* * * LOW HITPOINT WARNING * * *
You are too injured to fight recklessly!
You are too injured to fight recklessly!
You are too injured to fight recklessly!
You are too injured to fight recklessly!
You are too injured to fight recklessly!
You are too injured to fight recklessly!
* * * LOW HITPOINT WARNING * * *
You feel very sick. The kobold attacks as you move away!
The kobold hits you but does no damage.
* * * LOW HITPOINT WARNING * * *
You feel sick. The goblin attacks as you move away!
The goblin hits you with a +1 dagger of venom.
* * * LOW HITPOINT WARNING * * *
You are more poisoned.
You die...

#)#.##.##.......##....†..##
......#.##..>.#####.#.†#####..###
......#.##..### #.....## ##...#
......#.##..# ##.#.### ###.#
........##..# #>.#...# #..
......#....## #.####.# ###
......#.#>.# #†# #.###########
#.##... .. #.# #....†....... ##@#
############. ###..#### #.
#..>gK..# #. #.......# ##
#.?†....# ...........#
##.....$...# #.#.......#
#.#...?...#


You could see a goblin and a kobold.

Vanquished Creatures
  A dart slug (D:1)
  2 bats (D:1)
  3 endoplasms (D:1)
  2 giant cockroaches (D:1)
  3 goblins (D:1)
  3 hobgoblins (D:1)
  A quokka (D:1)
  2 ball pythons (D:1)
  A frilled lizard (D:1)
  2 kobolds (D:1)
  5 rats (D:1)
25 creatures vanquished.

Notes
Turn   | Place    | Note
-------+----------+-------------------------------------------
     0 | D:1      | cforsyth the Troll Fighter began the quest for the Orb.
     0 | D:1      | Reached XP level 1. HP: 22/22 MP: 0/0
    37 | D:1      | Reached XP level 2. HP: 29/29 MP: 1/1
   273 | D:1      | Reached skill level 3 in Shields
   278 | D:1      | Succumbed to a goblin's poison

Illustrated notes

Levels and vault maps discovered:
D:1:      ncdulo_watergridlock, layout_rooms

Skill      XL: |  1  2 |
---------------+-------+-----
Shields        | 3 |  3.0
Fighting       | |  2.7
Dodging        | |  2.4
Unarmed Combat | |  2.8

Action                   || total
-------------------------++-------
Melee: Unarmed           ||    51
Armor: Robe              ||    13
Dodge: Dodged            ||    19
Block: Kite shield       ||    17

Table legend: (Time is in decaauts)
 A = Elapsed time spent in this place.
 B = Non-inter-level travel time spent in this place.
 C = Inter-level travel time spent in this place.
 D = Time resting spent in this place.
 E = Time spent auto-exploring this place.
 F = Levels seen in this place.
 G = Mean time per level.
                   A        B        C        D        E       F      G
               +--------+--------+--------+--------+--------+-----+--------+
         Total |    282 |    282 |      0 |      0 |    169 |   1 |  282.0 |
       Dungeon |    282 |    282 |      0 |      0 |    169 |   1 |  282.0 |
               +--------+--------+--------+--------+--------+-----+--------+

Top non-repeatable levels by time:
     D:1: 282 daAuts
